MLB
CINCINNATI REDS @ LOS ANGELES DODGERS
07/02/2020
 
TOP OF THE 1ST
Cincinnati Reds batting - Pitching for Los Angeles Dodgers : LHP Julio Urias
Pitching: LHP Julio Urias
Batting: LHB Joey Votto 0-0: Foul Ball, location: 2F
0-1: Ball
1-1: Ball
2-1: DOUBLE (Line Drive, 89D, EV 111.9 MPH)
Batting: RHB Nick Senzel 0-0: Ball
1-0: Fly out, F9 (Flyball, 89D, EV 106.3 MPH)
Runner from 2nd tags up, SAFE at 3rd with throw by RF
Batting: RHB Nick Castellanos 0-0: Foul Ball, location: 2F
0-1: Ball
1-1: Called Strike
1-2: Ball
2-2: Strikes out swinging
Batting: RHB Eugenio Suarez 0-0: Ball
1-0: Ball
2-0: Swinging Strike
2-1: Foul Ball, location: 2F
2-2: Foul Ball, location: 2F
2-2: Ball
3-2: Foul Ball, location: 2F
3-2: Strikes out swinging
Top of the 1st over - 0 runs, 1 hit, 0 errors, 1 left on base; Cincinnati 0 - Los Angeles 0
BOTTOM OF THE 1ST
Los Angeles Dodgers batting - Pitching for Cincinnati Reds : RHP Luis Castillo
Pitching: RHP Luis Castillo
Batting: RHB Mookie Betts 0-0: Ground out 5-3 (Groundball, 56, EV 83.8 MPH)
Batting: LHB Corey Seager 0-0: Hit by Pitch
Batting: LHB Cody Bellinger 0-0: Called Strike
0-1: Ball
Balk!
Corey Seager to second
1-1: Called Strike
1-2: Fly out, F5 (Popup, 5SF, EV 73.8 MPH)
Batting: LHB Max Muncy 0-0: Swinging Strike
0-1: Ball
1-1: Ball
2-1: SINGLE (Groundball, 4MD, EV 97.5 MPH)
Corey Seager to third
Runner from 3rd tries for Home, SAFE, throw by CF to home
Max Muncy to second
Batting: RHB Justin Turner 0-0: Ball
1-0: Foul Ball, location: 2F
1-1: Ground out 4-3 (Groundball, 4M, EV 85.0 MPH)
Bottom of the 1st over - 1 run, 1 hit, 0 errors, 1 left on base; Cincinnati 0 - Los Angeles 1
TOP OF THE 2ND
Cincinnati Reds batting - Pitching for Los Angeles Dodgers : LHP Julio Urias
Batting: LHB Shogo Akiyama 0-0: Ball
1-0: Ball
2-0: Called Strike
2-1: Called Strike
2-2: Ground out 4-3 (Groundball, 4, EV 80.6 MPH)
Batting: LHB Derek Dietrich 0-0: Called Strike
0-1: Ball
1-1: Swinging Strike
1-2: Strikes out swinging
Batting: RHB Tyler Stephenson 0-0: Ball
1-0: Called Strike
1-1: Ball
2-1: Ball
3-1: SOLO HOME RUN (Flyball, 7D, EV 99.4 MPH), Distance : 382 ft
Batting: RHB Alfredo Rodriguez 0-0: Called Strike
0-1: Called Strike
0-2: Strikes out swinging
Top of the 2nd over - 1 run, 1 hit, 0 errors, 0 left on base; Cincinnati 1 - Los Angeles 1
BOTTOM OF THE 2ND
Los Angeles Dodgers batting - Pitching for Cincinnati Reds : RHP Luis Castillo
Batting: LHB Joc Pederson 0-0: Foul Ball, location: 2F
0-1: Ball
1-1: Foul Ball, location: 2F
1-2: Foul Ball, location: 2F
1-2: Ball
2-2: SOLO HOME RUN (Flyball, 7D, EV 91.3 MPH), Distance : 388 ft
Batting: RHB Will Smith 0-0: Ball
1-0: Ball
2-0: Ball
3-0: Base on Balls
Batting: RHB Enrique Hernandez 0-0: Ball
1-0: Ball
2-0: Called Strike
2-1: 2-RUN HOME RUN (Line Drive, 7D, EV 101.9 MPH), Distance : 397 ft
Batting: LHB Julio Urias 0-0: Swinging Strike
0-1: Called Strike
0-2: Ball
1-2: Ball
2-2: Ball
3-2: Base on Balls
Batting: RHB Mookie Betts 0-0: Ball
1-0: Foul Ball, location: 2F
1-1: Ball
2-1: Ball
3-1: Called Strike
3-2: Foul Ball, location: 2F
3-2: Base on Balls
Julio Urias to second
Batting: LHB Corey Seager 0-0: Called Strike
0-1: Ball
1-1: Foul Ball, location: 2F
1-2: Strikes out swinging
Batting: LHB Cody Bellinger 0-0: Foul Ball, location: 2F
0-1: Ball
1-1: Called Strike
1-2: Foul Ball, location: 2F
1-2: 3-RUN HOME RUN (Flyball, 9LD, EV 109.4 MPH), Distance : 362 ft
Pitching: LHP Cody Reed
Batting: LHB Max Muncy 0-0: Hit by Pitch
Batting: RHB Justin Turner 0-0: Ball
1-0: Called Strike
1-1: Ball
2-1: Swinging Strike
Passed Ball!
Max Muncy to second
2-2: Ball
3-2: SINGLE (Groundball, 4MD, EV 103.8 MPH)
Max Muncy to third
Runner from 3rd tries for Home, SAFE, throw by CF to home
Batting: LHB Joc Pederson 0-0: Ball
1-0: Ball
2-0: Swinging Strike
2-1: Foul Ball, location: 2F
2-2: Ball
Justin Turner is caught stealing 2nd base 2-6
3-2: Ground out 6-3 (Groundball, 6, EV 95.6 MPH)
Bottom of the 2nd over - 7 runs, 4 hits, 0 errors, 0 left on base; Cincinnati 1 - Los Angeles 8
TOP OF THE 3RD
Cincinnati Reds batting - Pitching for Los Angeles Dodgers : LHP Julio Urias
Batting: LHB Cody Reed 0-0: Ball
1-0: Called Strike
1-1: Foul Ball, location: 2F
1-2: Ball
2-2: Strikes out swinging
Batting: LHB Joey Votto 0-0: Foul Ball, location: 2F
0-1: Ball
1-1: Ball
2-1: Foul Ball, location: 2F
2-2: Ball
3-2: Foul Ball, location: 2F
3-2: Strikes out swinging
Batting: RHB Nick Senzel 0-0: Ball
1-0: DOUBLE (Line Drive, 7LM, EV 112.5 MPH)
Batting: RHB Nick Castellanos 0-0: Ball
1-0: Ball
2-0: Ball
3-0: Base on Balls
Batting: RHB Eugenio Suarez 0-0: Ball
1-0: Foul Ball, location: 2F
1-1: Called Strike
1-2: Strikes out swinging
Top of the 3rd over - 0 runs, 1 hit, 0 errors, 2 left on base; Cincinnati 1 - Los Angeles 8
BOTTOM OF THE 3RD
Los Angeles Dodgers batting - Pitching for Cincinnati Reds : LHP Cody Reed
Batting: RHB Will Smith 0-0: Ball
1-0: SINGLE (Groundball, 4D, EV 105.6 MPH)
Pitching: RHP Pedro Strop
Batting: RHB Enrique Hernandez 0-0: Ball
1-0: Called Strike
1-1: Swinging Strike
1-2: Ball
2-2: Foul Ball, location: 2F
2-2: Foul Ball, location: 2F
2-2: Ball
3-2: Strikes out looking
Will Smith steals 2nd base
Batter strikes out.
Batting: LHB Julio Urias 0-0: Called Strike
0-1: Ball
1-1: Swinging Strike
1-2: Ground out 4-3 (Groundball, 4, EV 89.4 MPH)
Will Smith to third
Batting: RHB Mookie Betts 0-0: Ball
1-0: Ball
2-0: Foul Ball, location: 2F
2-1: Called Strike
2-2: Ball
3-2: Strikes out looking
Bottom of the 3rd over - 0 runs, 1 hit, 0 errors, 1 left on base; Cincinnati 1 - Los Angeles 8
TOP OF THE 4TH
Cincinnati Reds batting - Pitching for Los Angeles Dodgers : LHP Julio Urias
Batting: LHB Shogo Akiyama 0-0: Fly out, F6 (Popup, 6S, EV 62.5 MPH)
Batting: LHB Derek Dietrich 0-0: Called Strike
0-1: Ball
1-1: Foul Ball, location: 2F
1-2: Ball
2-2: Strikes out swinging
Batting: RHB Tyler Stephenson 0-0: Foul Ball, location: 2F
0-1: SINGLE (Groundball, 4MD, EV 102.5 MPH)
Batting: RHB Alfredo Rodriguez 0-0: Foul Ball, location: 2F
0-1: Swinging Strike
0-2: Foul Ball, location: 2F
0-2: Ball
1-2: Ball
2-2: Ball
3-2: Strikes out swinging, 2-3 out at first.
Top of the 4th over - 0 runs, 1 hit, 0 errors, 1 left on base; Cincinnati 1 - Los Angeles 8
BOTTOM OF THE 4TH
Los Angeles Dodgers batting - Pitching for Cincinnati Reds : RHP Pedro Strop
Pitching: RHP Joel Kuhnel
Batting: LHB Corey Seager 0-0: Called Strike
0-1: Ball
1-1: SINGLE (Line Drive, 56D, EV 106.3 MPH)
Batting: LHB Cody Bellinger 0-0: Ball
1-0: Called Strike
1-1: Ball
2-1: Ball
3-1: Fly out, F7 (Flyball, 7, EV 87.5 MPH)
Batting: LHB Max Muncy 0-0: Called Strike
0-1: Foul Ball, location: 2F
0-2: Ball
1-2: 2-RUN HOME RUN (Flyball, 89XD, EV 95.0 MPH), Distance : 441 ft
Batting: RHB Justin Turner 0-0: Called Strike
0-1: Called Strike
0-2: Foul Ball, location: 2F
0-2: Ball
1-2: Ball
2-2: Ball
3-2: Base on Balls
Pitching: RHP Robert Stephenson
Batting: LHB Joc Pederson 0-0: Ball
1-0: Swinging Strike
1-1: Grounds into double play, 3-6-3 (Groundball, 34, EV 106.3 MPH)
Bottom of the 4th over - 2 runs, 2 hits, 0 errors, 0 left on base; Cincinnati 1 - Los Angeles 10
TOP OF THE 5TH
Cincinnati Reds batting - Pitching for Los Angeles Dodgers : LHP Julio Urias
Batting: RHB Robert Stephenson 0-0: Swinging Strike
0-1: Ball
1-1: Called Strike
1-2: Ground out 4-3 (Groundball, 4D, EV 86.9 MPH)
Batting: LHB Joey Votto 0-0: Called Strike
0-1: Ball
1-1: Ball
2-1: Foul Ball, location: 2F
2-2: Ball
3-2: Ground out 4-3 (Groundball, 4M, EV 81.3 MPH)
Batting: RHB Nick Senzel 0-0: Called Strike
0-1: Ball
1-1: Ball
2-1: Foul Ball, location: 2F
2-2: Ground out 4-3 (Groundball, 4, EV 87.5 MPH)
Top of the 5th over - 0 runs, 0 hits, 0 errors, 0 left on base; Cincinnati 1 - Los Angeles 10
BOTTOM OF THE 5TH
Los Angeles Dodgers batting - Pitching for Cincinnati Reds : RHP Robert Stephenson
Batting: RHB Will Smith 0-0: Called Strike
0-1: Ball
1-1: Ball
2-1: Foul Ball, location: 2F
2-2: Foul Ball, location: 2F
2-2: Ball
3-2: Base on Balls
Batting: RHB Enrique Hernandez 0-0: Ball
1-0: 2-RUN HOME RUN (Flyball, 9D, EV 90.6 MPH), Distance : 388 ft
Batting: LHB Julio Urias 0-0: Called Strike
0-1: Ball
1-1: Ball
2-1: Ball
3-1: Base on Balls
Pitching: RHP Alex Blandino
Batting: RHB Mookie Betts 0-0: Swinging Strike
0-1: Ball
1-1: Ball
2-1: Fly out, F8 (Line Drive, 8LM, EV 99.4 MPH)
Batting: LHB Corey Seager 0-0: Foul Ball, location: 2F
0-1: Ball
1-1: Called Strike
1-2: Strikes out swinging
Batting: LHB Cody Bellinger 0-0: Called Strike
0-1: Foul Ball, location: 2F
0-2: Foul Ball, location: 2F
0-2: Fly out, F8 (Flyball, 8RM, EV 85.0 MPH)
Bottom of the 5th over - 2 runs, 1 hit, 0 errors, 1 left on base; Cincinnati 1 - Los Angeles 12
TOP OF THE 6TH
Cincinnati Reds batting - Pitching for Los Angeles Dodgers : LHP Julio Urias
Pitching: RHP Brusdar Graterol
Batting: RHB Nick Castellanos 0-0: Called Strike
0-1: Ball
1-1: Hit by Pitch
Batting: RHB Eugenio Suarez 0-0: Ball
1-0: Ball
2-0: Called Strike
2-1: Foul Ball, location: 2F
2-2: Strikes out looking
Batting: LHB Shogo Akiyama 0-0: Called Strike
0-1: Fly out, F7 (Flyball, 7D, EV 93.8 MPH)
Batting: LHB Derek Dietrich 0-0: Ball
1-0: Ball
2-0: Called Strike
2-1: Foul Ball, location: 2F
2-2: Strikes out swinging
Top of the 6th over - 0 runs, 0 hits, 0 errors, 1 left on base; Cincinnati 1 - Los Angeles 12
BOTTOM OF THE 6TH
Los Angeles Dodgers batting - Pitching for Cincinnati Reds : RHP Alex Blandino
Batting: LHB Max Muncy 0-0: Called Strike
0-1: Ball
1-1: Ball
2-1: Ball
3-1: Base on Balls
Batting: RHB Justin Turner 0-0: Called Strike
0-1: Fly out, F6 (Popup, 4MD, EV 53.8 MPH)
Batting: LHB Joc Pederson 0-0: Ball
1-0: 2-RUN HOME RUN (Flyball, 89XD, EV 97.5 MPH), Distance : 443 ft
Batting: RHB Will Smith 0-0: Called Strike
0-1: SINGLE (Line Drive, 34D, EV 104.4 MPH)
Batting: RHB Enrique Hernandez 0-0: Called Strike
0-1: Ball
1-1: Ball
2-1: Called Strike
2-2: Ball
3-2: Base on Balls
Will Smith to second
Batting: RHB Brusdar Graterol 0-0: Bunt - Flyout to 15! F1
Batting: RHB Mookie Betts 0-0: Called Strike
0-1: Ball
1-1: SINGLE (Line Drive, 6MD, EV 106.3 MPH)
Will Smith to third
Enrique Hernandez to second
Batting: LHB Corey Seager 0-0: SINGLE (Line Drive, 9LS, EV 93.1 MPH)
Will Smith scores
Enrique Hernandez to third
Mookie Betts to second
Runner from 3rd tries for Home, SAFE, throw by RF to home
Pitching: LHP Mark Payton
Batting: LHB Cody Bellinger 0-0: Foul Ball, location: 2F
0-1: Called Strike
0-2: Ball
1-2: Ball
2-2: Ground out 4-3 (Groundball, 4, EV 103.1 MPH)
Bottom of the 6th over - 4 runs, 4 hits, 0 errors, 2 left on base; Cincinnati 1 - Los Angeles 16
TOP OF THE 7TH
Cincinnati Reds batting - Pitching for Los Angeles Dodgers : RHP Brusdar Graterol
Batting: RHB Tyler Stephenson 0-0: Foul Ball, location: 2F
0-1: Foul Ball, location: 2F
0-2: Ball
1-2: Strikes out swinging
Batting: RHB Alfredo Rodriguez 0-0: Foul Ball, location: 2F
0-1: Foul Ball, location: 2F
0-2: Foul Ball, location: 2F
0-2: Strikes out swinging
Batting: LHB Mark Payton 0-0: Called Strike
0-1: Swinging Strike
0-2: Foul Ball, location: 2F
0-2: Foul Ball, location: 2F
0-2: Strikes out swinging
Top of the 7th over - 0 runs, 0 hits, 0 errors, 0 left on base; Cincinnati 1 - Los Angeles 16
BOTTOM OF THE 7TH
Los Angeles Dodgers batting - Pitching for Cincinnati Reds : LHP Mark Payton
Batting: LHB Max Muncy 0-0: Ball
1-0: Called Strike
1-1: Ball
2-1: Ball
3-1: Base on Balls
Batting: RHB Justin Turner 0-0: Ball
1-0: Foul Ball, location: 2F
1-1: Ball
2-1: Fly out, F9 (Flyball, 9D, EV 98.8 MPH)
Batting: LHB Joc Pederson 0-0: Ball
1-0: Ball
2-0: Called Strike
2-1: Called Strike
2-2: Ball
3-2: Base on Balls
Max Muncy to second
Batting: RHB Will Smith 0-0: Foul Ball, location: 2F
0-1: Ground out 6-3 (Groundball, 6M, EV 81.9 MPH)
Max Muncy to third
Joc Pederson to second
Batting: RHB Enrique Hernandez 0-0: Ball
1-0: Fly out, F6 (Popup, P, EV 88.8 MPH)
Bottom of the 7th over - 0 runs, 0 hits, 0 errors, 2 left on base; Cincinnati 1 - Los Angeles 16
TOP OF THE 8TH
Cincinnati Reds batting - Pitching for Los Angeles Dodgers : RHP Brusdar Graterol
Pitching: RHP Blake Treinen
Batting: LHB Joey Votto 0-0: Ball
1-0: Ball
2-0: Ball
3-0: Base on Balls
Batting: RHB Nick Senzel 0-0: Ball
1-0: SINGLE (Line Drive, 4MD, EV 96.3 MPH)
Joey Votto to second
Batting: RHB Nick Castellanos 0-0: Ball
1-0: Swinging Strike
1-1: Foul Ball, location: 2F
1-2: Strikes out swinging
Batting: RHB Eugenio Suarez 0-0: Swinging Strike
0-1: Ball
1-1: Ball
2-1: Fly out, F8 (Flyball, 78XD, EV 100.0 MPH)
Runner from 2nd tags up, SAFE at 3rd, no throw by CF
Batting: LHB Shogo Akiyama 0-0: Ball
1-0: Called Strike
1-1: SINGLE (Groundball, 25, EV 68.1 MPH) (infield hit)
Joey Votto scores
Nick Senzel to second
Batting: LHB Derek Dietrich 0-0: Ball
1-0: Fly out, F8 (Flyball, 8RXD, EV 96.3 MPH)
Top of the 8th over - 1 run, 2 hits, 0 errors, 2 left on base; Cincinnati 2 - Los Angeles 16
BOTTOM OF THE 8TH
Los Angeles Dodgers batting - Pitching for Cincinnati Reds : LHP Mark Payton
Batting: RHB Blake Treinen 0-0: Swinging Strike
0-1: Ground out 5-3 (Groundball, 56, EV 85.0 MPH)
Batting: RHB Mookie Betts 0-0: Ball
1-0: Called Strike
1-1: Foul Ball, location: 2F
1-2: Ball
2-2: Ball
3-2: Fly out, F4 (Flyball, 34D, EV 86.9 MPH)
Batting: LHB Corey Seager 0-0: Ball
1-0: Ball
2-0: Foul Ball, location: 2F
2-1: Foul Ball, location: 2F
2-2: Ball
3-2: Foul Ball, location: 2F
3-2: SOLO HOME RUN (Flyball, 9LD, EV 106.9 MPH), Distance : 387 ft
Pitching: LHP Jesse Winker
Batting: LHB Cody Bellinger 0-0: Foul Ball, location: 2F
0-1: Ball
1-1: Ball
2-1: Ball
3-1: Base on Balls
Batting: LHB Max Muncy 0-0: Called Strike
0-1: Ball
1-1: Foul Ball, location: 2F
1-2: Strikes out swinging
Bottom of the 8th over - 1 run, 1 hit, 0 errors, 1 left on base; Cincinnati 2 - Los Angeles 17
TOP OF THE 9TH
Cincinnati Reds batting - Pitching for Los Angeles Dodgers : RHP Blake Treinen
Batting: RHB Tyler Stephenson 0-0: Ball
1-0: Called Strike
1-1: Ground out 6-3 (Groundball, 6, EV 101.3 MPH)
Batting: RHB Alfredo Rodriguez 0-0: Ball
1-0: Called Strike
1-1: SINGLE (Groundball, 34D, EV 104.4 MPH)
Batting: LHB Jesse Winker 0-0: Foul Ball, location: 2F
0-1: Ball
1-1: Foul Ball, location: 2F
1-2: Strikes out looking
Batting: LHB Joey Votto 0-0: Ball
1-0: Foul Ball, location: 2F
1-1: Foul Ball, location: 2F
1-2: Ball
2-2: Foul Ball, location: 2F
2-2: Foul Ball, location: 2F
2-2: Ball
3-2: SINGLE (Groundball, 4MD, EV 97.5 MPH)
Alfredo Rodriguez to second
Alfredo Rodriguez to third
Batting: RHB Nick Senzel 0-0: Foul Ball, location: 2F
0-1: Swinging Strike
0-2: Ball
1-2: Fielders Choice at 2nd, 6-4 (Groundball, 6, EV 109.4 MPH)
Top of the 9th over - 0 runs, 2 hits, 0 errors, 2 left on base; Cincinnati 2 - Los Angeles 17
Wednesday, July 8th, 2020 - OOTP Baseball 21.4 Build 63